 Dungeon Crawl Stone Soup version 0.26-a0-542-gbaa144ba5c (webtiles) character file.

Game seed: 9302102966615755442

643 Aksej the Cudgeler (level 7, -2/51 HPs)
             Began as a Demonspawn Gladiator on Aug 17, 2020.
             Slain by a worker ant (4 damage)
             ... on level 5 of the Dungeon.
             The game lasted 00:09:58 (4522 turns).

Aksej the Cudgeler (Demonspawn Gladiator)           Turns: 4522, Time: 00:09:58

Health: -2/51      AC:  6    Str: 17    XL:     7   Next: 26%
Magic:  7/7        EV: 18    Int:  9    God:
Gold:   284        SH:  0    Dex: 16    Spells: 6/6 levels left

rFire    . . .     SeeInvis .   a - +1 flail
rCold    . . .     Faith    .   (no shield)
rNeg     + . .     Spirit   .   b - +0 leather armour
rPois    .         Reflect  .   (helmet restricted)
rElec    .         Harm     .   (no cloak)
rCorr    .                      e - +1 pair of gloves
MR       .....                  c - +0 pair of boots
Stlth    +++.......             (no amulet)
HPRegen  0.17/turn              f - ring of positive energy
MPRegen  0.10/turn              j - +4 ring of evasion

@: lethally poisoned (-2 -> -5)
A: horns 1, thin skeletal structure 1, demonic guardian 1
a: no special abilities


You were on level 5 of the Dungeon.
You visited 1 branch of the dungeon, and saw 5 of its levels.

You collected 284 gold pieces.

Inventory:

Hand Weapons
 a - a +1 flail (weapon)
Armour
 b - a +0 leather armour (worn)
 c - a +0 pair of boots (worn)
 e - a +1 pair of gloves (worn)
Jewellery
 f - a ring of positive energy (left hand)
 j - a +4 ring of evasion (right hand)
 p - an uncursed amulet of magic regeneration
 q - a +6 ring of dexterity {unknown}
Scrolls
 d - a scroll of amnesia
 i - a scroll of magic mapping
 l - 6 scrolls of remove curse
 m - a scroll of enchant armour
 o - 2 scrolls of teleportation
 r - a scroll of enchant weapon
Potions
 g - 2 potions of curing
 h - 2 potions of lignification
 k - 2 potions of cancellation
 n - a potion of stabbing


   Skills:
 + Level 2.6 Fighting
 * Level 5.9 Maces & Flails
 + Level 2.3 Throwing
 + Level 1.6 Armour
 + Level 3.7 Dodging
 * Level 2.6 Stealth


You had 6 spell levels left.
You didn't know any spells.
Your spell library contained the following spells:

 Spells                   Type           Power        Failure   Level
 Corona                   Hex            #......      43%         1
 Ensorcelled Hibernation  Hex/Ice        #.....       58%         2
 Confusing Touch          Hex            #.......     82%         3
 Dazzling Flash           Conj/Hex       #.....       82%         3
 Tukima's Dance           Hex            #.......     82%         3


Dungeon Overview and Level Annotations

Branches:
Dungeon (5/15)
 Temple: D:4-7

Altars:
Gozag
Nemelex Xobeh
Sif Muna
Trog


Innate Abilities, Weirdness & Mutations

You have a pair of small horns on your head.
You have a somewhat thin skeletal structure. (Dex +2, Stealth)
A weak demonic guardian rushes to your aid.


Message History

Your iron imp hits the orc warrior but does no damage.
The hound completely misses you. The worker ant completely misses you.
You barely miss the hound.
You headbutt the hound, but do no damage.
The hound is heavily wounded.
You feel sick. The hound bites you. The worker ant closely misses you.
The orc warrior misses you.
Your iron imp hits the orc warrior but does no damage.
The hound completely misses you.
You closely miss the hound.
The hound is heavily wounded.
The worker ant completely misses you. The hound closely misses you.
The orc wizard gestures wildly while chanting.
The orc wizard seems to speed up.
The orc warrior hits you from afar with a +0 halberd!!
* * * LOW HITPOINT WARNING * * *
Your quasit completely misses the hound.
Your quasit misses the hound.
Your quasit claws the hound.
Your iron imp hits the orc warrior.
The worker ant bites you.
You die...

#.... .#.#
...# # ..#
.#
?.##.####
###........
#.a5h5.....
#####@#
#<...5#
#####o# #o#
##. .# ..
.#. .


You could see an orc warrior, a hound, a worker ant, an orc wizard (fast), a
friendly iron imp (summoned), a friendly quasit (summoned) and a friendly
ufetubus (summoned).

Vanquished Creatures
  A black bear (D:4)
  Blork the orc (D:4)
  2 hounds (D:4)
  2 orc wizards (D:4)
  2 orc priests (D:4)
  An iguana (D:4)
  3 worker ants (D:4)
  4 gnolls (D:4)
  5 adders (D:2)
  An ooze (D:2)
  3 worms (D:3)
  A dart slug (D:1)
  7 leopard geckos
  5 orcs
  12 bats
  5 giant cockroaches
  8 goblins
  7 hobgoblins
  4 jackals (D:4)
  A quokka (D:2)
  3 ball pythons
  9 frilled lizards
  7 kobolds
  A quokka skeleton (D:4)
  13 rats
108 creatures vanquished.

Vanquished Creatures (collateral kills)
  A worker ant (D:4)
1 creature vanquished.

Vanquished Creatures (others)
  A jackal (D:3)
1 creature vanquished.

Grand Total: 110 creatures vanquished

Notes
Turn   | Place    | Note
-------+----------+-------------------------------------------
     0 | D:1      | Aksej the Demonspawn Gladiator began the quest for the Orb.
     0 | D:1      | Reached XP level 1. HP: 16/16 MP: 1/1
   342 | D:1      | Reached skill level 3 in Maces & Flails
   344 | D:1      | Gained mutation: You have a pair of small horns on your
                  | head. [demonic ancestry]
   344 | D:1      | Reached XP level 2. HP: 13/22 MP: 2/2
   988 | D:1      | Reached XP level 3. HP: 21/27 MP: 3/3
  1780 | D:2      | Gained mutation: You have a somewhat thin skeletal
                  | structure. (Dex +2, Stealth) [demonic ancestry]
  1780 | D:2      | Reached XP level 4. HP: 23/33 MP: 4/4
  2006 | D:2      | Reached skill level 4 in Maces & Flails
  2560 | D:3      | Reached skill level 1 in Armour
  2979 | D:3      | Found a sparkling altar of Nemelex Xobeh.
  3180 | D:3      | Reached XP level 5. HP: 38/38 MP: 5/5
  3313 | D:4      | Reached skill level 1 in Stealth
  3454 | D:4      | Reached skill level 5 in Maces & Flails
  3454 | D:4      | Reached XP level 6. HP: 17/44 MP: 6/6
  3919 | D:4      | Noticed Blork the orc
  3926 | D:4      | Killed Blork the orc
  3926 | D:4      | Gained mutation: A weak demonic guardian rushes to your
                  | aid. [demonic ancestry]
  3926 | D:4      | Reached XP level 7. HP: 35/51 MP: 7/7
  4218 | D:4      | Found a bloodstained altar of Trog.
  4448 | D:4      | Found an opulent altar of Gozag.
  4453 | D:4      | Found a shimmering blue altar of Sif Muna.
  4503 | D:5      | Entered Level 5 of the Dungeon
  4522 | D:5      | HP: 2/51 [orc warrior/+0 halberd (25)]
  4522 | D:5      | Slain by a worker ant

Illustrated notes

Levels and vault maps discovered:
D:1:      noname_arrival_rooms_in_the_neighbourhood, layout_basic
D:2:      layout_rooms, minmay_tetromino_t4
D:3:      layout_rooms, old_standard_altar, lemuel_old_faithful
D:4:      black_bear_nest_1, layout_rooms, old_standard_altar, minitemple,
          hangedman_minor_gate_pass, uniq_blork_the_orc
D:5:      kennysheep_spiral_hall, layout_basic, serial_shops,
          nicolae_shop_behind_doors

Skill      XL: |  1  2  3  4  5  6 |
---------------+-------------------+-----
Maces & Flails | 3 4 5 |  5.9
Dodging        | 3 |  3.7
Armour         | 1 |  1.6
Stealth        | 1 2 |  2.6
Throwing       | 2 |  2.3
Fighting       | |  2.6

Action                   |  1- 3 |  4- 6 |  7- 9 || total
-------------------------+-------+-------+-------++-------
Melee: Flail             |   130 |   176 |    43 ||   349
       Headbutt          |    14 |    33 |     8 ||    55
Throw: Boomerang         |       |     8 |       ||     8
       Throwing net      |       |     8 |       ||     8
  Use: Scroll            |     5 |     8 |       ||    13
       Potion            |     1 |     1 |     1 ||     3
 Stab: Sleeping          |       |     6 |       ||     6
       Distracted        |       |     1 |       ||     1
       Held in net/web   |       |     2 |       ||     2
Armor: Leather armour    |    47 |    48 |     8 ||   103
Dodge: Dodged            |   121 |   136 |    62 ||   319

Table legend: (Time is in decaauts)
 A = Elapsed time spent in this place.
 B = Non-inter-level travel time spent in this place.
 C = Inter-level travel time spent in this place.
 D = Time resting spent in this place.
 E = Time spent auto-exploring this place.
 F = Levels seen in this place.
 G = Mean time per level.
                   A        B        C        D        E       F      G
               +--------+--------+--------+--------+--------+-----+--------+
         Total |   4568 |   4487 |     81 |    165 |   3450 |   5 |  913.6 |
       Dungeon |   4568 |   4487 |     81 |    165 |   3450 |   5 |  913.6 |
               +--------+--------+--------+--------+--------+-----+--------+

Top non-repeatable levels by time:
     D:1: 1485 daAuts
     D:4: 1221 daAuts
     D:2: 1071 daAuts
     D:3: 770 daAuts
     D:5: 20 daAuts
